 Dungeon Crawl Stone Soup version 0.22.1-2-g9c5b331383 (webtiles) character file.

24446 Revguard the Severer (level 12, -3/169 HPs)
             Began as a Minotaur Abyssal Knight on Dec 16, 2018.
             Was the Champion of Lugonu.
             Slain by an entropy weaver (8 damage)
             ... on level 5 of the Lair of Beasts.
             The game lasted 00:43:04 (12195 turns).

Revguard the Severer (Minotaur Abyssal Knight)     Turns: 12195, Time: 00:43:05

Health: -3/169     AC: 10    Str: 26    XL:     12   Next: 80%
Magic:  5/16       EV:  2    Int:  9    God:    Lugonu [******]
Gold:   907        SH:  0    Dex: 15    Spells: 9/11 levels left

rFire    . . .     SeeInvis +   x - +3 war axe (venom)
rCold    + . .     Gourm    .   (no shield)
rNeg     + + +     Faith    .   (armour currently unavailable)
rPois    +         Spirit   .   (helmet currently unavailable)
rElec    .         Reflect  .   (cloak currently unavailable)
rCorr    .         Harm     .   (gloves currently unavailable)
MR       .....     NoTele   +   (boots currently unavailable)
Stlth    +.........             (no amulet)
HPRegen  0.38/turn              m - ring of protection from cold
MPRegen  0.15/turn              y - ring of see invisible

@: mighty, lethally poisoned (-3 -> -7), tree-form, corroded
A: (retaliatory headbutt), agile 2, high mp 1, MP-powered wands
a: Depart the Abyss, Bend Space, Banish, Corrupt, Enter the Abyss, Brand Weapon
With Distortion, Renounce Religion


You were on level 5 of the Lair of Beasts.
You worshipped Lugonu.
Lugonu was exalted by your worship.
You were not hungry.
You were a tree.
You visited 3 branches of the dungeon, and saw 15 of its levels.
You visited the Abyss 1 time.
You also visited: Ossuary.

You collected 907 gold pieces.

Inventory:

Hand Weapons
 x - a +3 war axe of venom (weapon)
 I - the +7 longbow of Valiance {flame, +Fly Int+3 Stlth+}
   (You found it on level 9 of the Dungeon)

   It causes projectiles fired from it to burn those they strike, causing extra
   injury to most foes and up to half again as much damage against particularly
   susceptible opponents.
   It affects your intelligence (+3).
   It lets you fly.
   It makes you more stealthy.
Missiles
 H - 58 arrows (quivered)
Armour
 f - a +0 pair of gloves (melded)
 j - the +3 ring mail "Ralicrem" (melded) {Regen+}
   (You found it on level 8 of the Dungeon)

   It increases your rate of regeneration.
 F - the +0 cloak "Hasy" (melded) {Dex+2}
   (You found it on level 8 of the Dungeon)

   It affects your dexterity (+2).
Jewellery
 d - an uncursed ring of ice
 m - a ring of protection from cold (left branch)
 y - a ring of see invisible (right branch)
Wands
 b - a wand of paralysis (18)
 t - a wand of flame (21)
 D - a wand of acid (2)
 E - a wand of iceblast (1)
Scrolls
 a - 3 scrolls of remove curse
 h - 6 scrolls of immolation
 i - 13 scrolls of teleportation
 n - 5 scrolls of fear
 r - 4 scrolls of amnesia
 s - 6 scrolls of identify
 w - a scroll of blinking
 A - a scroll of magic mapping
 C - 4 scrolls of fog
 G - a scroll of enchant armour
 J - a scroll of silence {unknown}
 L - a scroll of enchant weapon
Potions
 e - 3 potions of might
 g - 2 potions of agility
 l - 2 potions of lignification
 o - 4 potions of curing
 p - a potion of magic
 q - a potion of ambrosia
 u - a potion of flight
 v - 2 potions of brilliance
 z - 3 potions of haste
 B - 3 potions of mutation
 K - a potion of invisibility {unknown}
Comestibles
 c - 36 rations
 M - a chunk of flesh


   Skills:
 + Level 12.4 Fighting
 + Level 15.2 Axes
 * Level 7.5 Bows
 + Level 10.7 Armour
 + Level 6.8 Dodging
 + Level 5.4 Invocations
 + Level 2.4 Evocations


You had 9 spell levels left.
You knew the following spells:

 Your Spells              Type           Power        Failure   Level  Hunger
a - Passwall              Tmut/Erth      #.......     52%         2    ###....

Your spell library contained the following spells:

 Spells                   Type           Power        Failure   Level  Hunger
 Flame Tongue             Conj/Fire      #....        38%         1    ##.....
 Sandblast                Erth           #.....       38%         1    ##.....
 Shock                    Conj/Air       #...         38%         1    ##.....
 Sting                    Conj/Pois      #...         38%         1    ##.....
 Summon Small Mammal      Summ           #...         38%         1    ##.....
 Call Imp                 Summ           #.......     52%         2    ###....
 Poisonous Vapours        Pois/Air       #.....       52%         2    ###....
 Swiftness                Chrm/Air       #.......     52%         2    ###....
 Throw Flame              Conj/Fire      #.....       52%         2    ###....
 Call Canine Familiar     Summ           #.......     77%         3    ####...
 Conjure Flame            Conj/Fire      #.......     77%         3    ####...
 Inner Flame              Hex/Fire       #.......     77%         3    ####...
 Mephitic Cloud           Conj/Pois/Air  #.......     77%         3    ####...
 Static Discharge         Conj/Air       #.......     77%         3    ####...
 Stone Arrow              Conj/Erth      #.....       77%         3    ####...
 Summon Guardian Golem    Hex/Summ       #.......     77%         3    ####...
 Airstrike                Air            #.........   99%         4    #####..
 Olgreb's Toxic Radiance  Pois           #.......     99%         4    #####..
 Petrify                  Tmut/Erth      #.......     99%         4    #####..
 Sticky Flame             Conj/Fire      #.......     99%         4    #####..
 Summon Ice Beast         Ice/Summ       #.......     99%         4    #####..
 Summon Lightning Spire   Summ/Air       #.......     99%         4    #####..
 Fireball                 Conj/Fire      #.........   100%        5    ######.
 Lee's Rapid Deconstruct  Erth           #.........   100%        5    ######.
 Lightning Bolt           Conj/Air       #.........   100%        5    ######.
 Venom Bolt               Conj/Pois      #.........   100%        5    ######.


Dungeon Overview and Level Annotations

Branches:
Dungeon (9/15)             Temple (1/1) D:7            Lair (5/6) D:9
  Swamp (0/4) Lair:3       Spider (0/4) Lair:3        Slime (0/5) Lair:5
    Orc: D:9-12

Altars:
Ashenzari
Cheibriados
Dithmenos
Elyvilon
Fedhas
Gozag
Hepliaklqana
Kikubaaqudgha
Makhleb
Nemelex Xobeh
Okawaru
Qazlal
Ru
Sif Muna
Trog
Uskayaw
Vehumet
Wu Jian
Xom
Yredelemnul
Zin
The Shining One
Jiyva

Annotations:
Lair:5 1 runed door


Innate Abilities, Weirdness & Mutations

((You reflexively headbutt those who attack you in melee.))
((You have a pair of horns on your head.))
((You are partially covered in thin metallic scales. (AC +2)))
You are very agile. (Dex +4)
You have an increased reservoir of magic. (+10% MP)
((You are covered in fur. (AC +1)))
You expend magic power (3 MP) to strengthen your wands.


Message History

* * * LOW HITPOINT WARNING * * *
The entropy weaver hits you!
* * * LOW HITPOINT WARNING * * *
The entropy weaver hits you!
* * * LOW HITPOINT WARNING * * *
The entropy weaver hits you!
* * * LOW HITPOINT WARNING * * *
You feel much better.
You feel sick.
A soldier ant comes into view.
The entropy weaver hits you.
* * * LOW HITPOINT WARNING * * *
The entropy weaver hits you!
* * * LOW HITPOINT WARNING * * *
The entropy weaver hits you but does no damage. x2
The soldier ant stings you but does no damage.
You feel very mighty all of a sudden.
You feel sick.
The soldier ant twitches its antennae in your direction.
The entropy weaver hits you!
You die...

## # ...#.a ## #.#...#. .
a......# # ..# # ##a....../ #
..# P##.P #.#.a... # ...
......######..#.. # #..
#...#†a.#.a#.# # ### #.#
#...♣aa.a..## #.# ..# #.##
##P.††.#.a#.##..#.# .## #..#
#####......#..........
..###.####P.#.#...............#
...............................
P...###...........##....P####.#
####.###.P###...#.####.### #
#.## #### ####.## ### ### ###


You could see an entropy weaver and 5 soldier ants.

Vanquished Creatures
  An entropy weaver (Lair:5)
  6 hydras
  3 death yaks (Lair:3)
  Urug (Lair:4)
  2 black mambas
  2 elephants (Lair:3)
  Joseph (D:7)
  A torpor snail (Lair:4)
  3 spiny frogs
  3 komodo dragons
  A queen bee (Lair:1)
  A polar bear (Lair:2)
  5 hippogriffs
  A ynoxinul (Abyss:1)
  8 yaks
  2 wyverns
  Grum (Lair:1)
  A steam dragon (Lair:5)
  Edmund (D:5)
  Menkaure (D:4)
  4 soldier ants (Lair:5)
  5 water moccasins
  4 orc warriors
  4 sky beasts
  10 porcupines
  3 ice beasts
  5 black bears (D:9)
  A phantom (D:6)
  10 ogres
  18 wolves
  10 crocodiles
  8 bullfrogs
  A water moccasin zombie (D:8)
  5 scorpions
  2 wights (D:8)
  19 killer bees (Lair:1)
  A howler monkey (D:4)
  3 crimson imps
  2 quasits
  2 centaur skeletons
  5 centaur zombies
  7 hounds
  A jelly (D:6)
  Terence (D:2)
  6 iguanas
  13 worker ants
  7 orc wizards
  2 big kobold zombies (Ossuary)
  2 hound skeletons (D:4)
  6 mummies (Ossuary)
  A worker ant zombie (D:8)
  2 howler monkey skeletons
  7 adders
  A shadow imp (D:8)
  An ooze (D:2)
  An adder zombie (D:5)
  2 adder skeletons
  A worm (D:3)
  A dart slug (D:5)
  7 leopard geckos
  34 orcs
  8 bats
  2 giant cockroaches
  A hobgoblin (D:1)
  4 jackals
  2 kobolds (D:2)
  2 quokkas (D:8)
  A ball python (D:1)
  3 frilled lizards
  2 goblins
  2 hobgoblin zombies (Ossuary)
  A leopard gecko skeleton (D:4)
  2 quokka zombies
  4 rats
  A rat zombie (D:7)
  A spectral orc (D:6)
  A bush (Lair:5)
  2 fungi
309 creatures vanquished.

Vanquished Creatures (collateral kills)
  A yak (Lair:2)
1 creature vanquished.

Vanquished Creatures (others)
  2 fungi
  3 plants
5 creatures vanquished.

Grand Total: 315 creatures vanquished

Notes
Turn   | Place    | Note
-------+----------+-------------------------------------------
     0 | Abyss:1  | Revguard the Minotaur Abyssal Knight began the quest for
                  | the Orb.
     0 | Abyss:1  | Reached XP level 1. HP: 19/19 MP: 1/1
    44 | Abyss:1  | Noticed a ynoxinul
    51 | Abyss:1  | Killed a ynoxinul
    51 | Abyss:1  | Reached skill level 5 in Fighting
    51 | Abyss:1  | Reached skill level 3 in Axes
    51 | Abyss:1  | Reached XP level 2. HP: 4/30 MP: 2/2
    51 | Abyss:1  | Reached XP level 3. HP: 6/37 MP: 3/3
    51 | Abyss:1  | Reached XP level 4. HP: 7/44 MP: 4/4
    51 | Abyss:1  | Reached XP level 5. HP: 8/50 MP: 5/5
    55 | D:1      | Escaped the Abyss
   892 | D:1      | Gained mutation: You evolve. [potion of mutation]
   892 | D:1      | Gained mutation: You are agile. (Dex +2) [potion of
                  | mutation]
   892 | D:1      | Gained mutation: You have an increased reservoir of magic.
                  | (+10% MP) [potion of mutation]
   892 | D:1      | Gained mutation: You are very agile. (Dex +4) [potion of
                  | mutation]
  1198 | D:2      | Noticed Terence
  1211 | D:2      | Killed Terence
  1277 | D:2      | You fall through a shaft!
  1306 | D:3      | Reached ** piety under Lugonu
  1429 | D:3      | Reached XP level 6. HP: 26/58 MP: 7/7
  1993 | D:4      | Noticed an orc warrior
  2006 | D:4      | Killed an orc warrior
  2006 | D:4      | Reached skill level 4 in Axes
  2090 | D:4      | Reached skill level 5 in Axes
  2090 | D:4      | Reached XP level 7. HP: 29/64 MP: 8/8
  2098 | D:4      | Reached skill level 5 in Armour
  2464 | D:4      | Reached skill level 6 in Axes
  2609 | D:4      | Found a sparkling altar of Nemelex Xobeh.
  2632 | D:4      | Noticed Menkaure
  2642 | D:4      | Killed Menkaure
  2642 | D:4      | Reached skill level 7 in Axes
  2642 | D:4      | Reached XP level 8. HP: 57/73 MP: 9/9
  2947 | D:5      | Entered Level 5 of the Dungeon
  3069 | D:5      | Found an ancient bone altar of Kikubaaqudgha.
  3069 | D:5      | Found a sacrificial altar of Ru.
  3070 | D:5      | Found a hazy altar of Hepliaklqana.
  3178 | D:5      | Learned a level 2 spell: Passwall
  3284 | D:5      | Reached *** piety under Lugonu
  3284 | D:5      | Reached skill level 8 in Axes
  3428 | D:5      | Noticed Edmund
  3505 | D:5      | Killed Edmund
  3665 | D:5      | Found a snail-covered altar of Cheibriados.
  3940 | D:5      | Found a deep blue altar of Sif Muna.
  3944 | D:5      | Found a glowing golden altar of the Shining One.
  3957 | D:5      | Found an ornate altar of the Wu Jian Council.
  4353 | D:6      | Found a shimmering altar of Xom.
  4406 | D:6      | Reached skill level 9 in Axes
  4443 | D:6      | Reached XP level 9. HP: 42/81 MP: 11/11
  4814 | D:6      | Found a basalt altar of Yredelemnul.
  5508 | D:7      | Found a sand-covered staircase.
  5516 | Ossuary  | Entered an ossuary
  5525 | Ossuary  | Reached skill level 10 in Axes
  5551 | Ossuary  | Reached **** piety under Lugonu
  5860 | D:7      | Noticed Joseph
  5875 | D:7      | Killed Joseph
  5904 | D:7      | Found a staircase to the Ecumenical Temple.
  5913 | Temple   | Entered the Ecumenical Temple
  6213 | D:7      | Reached skill level 11 in Axes
  6262 | D:7      | Found an ornate altar of the Wu Jian Council.
  6322 | D:7      | Found an iron altar of Okawaru.
  6421 | D:8      | Found an opulent altar of Gozag.
  6527 | D:8      | Got a transparent cloak
  6540 | D:8      | Identified the cursed +0 cloak "Hasy" {Dex+2} (You found it
                  | on level 8 of the Dungeon)
  6577 | D:8      | Reached skill level 5 in Invocations
  6604 | D:8      | Reached XP level 10. HP: 32/91 MP: 14/14
  6609 | D:8      | Reached ***** piety under Lugonu
  7109 | D:8      | Got a polished ring mail
  7110 | D:8      | Identified the +3 ring mail "Ralicrem" {Regen+} (You found
                  | it on level 8 of the Dungeon)
  7905 | D:9      | Reached skill level 12 in Axes
  7909 | D:9      | Found a staircase to the Lair.
  7953 | D:9      | Gained mutation: You are partially covered in thin metallic
                  | scales. (AC +2) [evolution]
  7966 | D:9      | Got a fine longbow
  7968 | D:9      | Identified the +7 longbow of Valiance {flame, +Fly Int+3
                  | Stlth+} (You found it on level 9 of the Dungeon)
  8216 | Lair:1   | Entered Level 1 of the Lair of Beasts
  8273 | Lair:1   | Noticed a five-headed hydra
  8283 | Lair:1   | Killed a seven-headed hydra
  8283 | Lair:1   | Reached skill level 10 in Fighting
  8283 | Lair:1   | Reached skill level 1 in Bows
  8422 | Lair:1   | Reached skill level 13 in Axes
  8422 | Lair:1   | Reached XP level 11. HP: 93/99 MP: 15/15
  8464 | Lair:1   | Gained mutation: You expend magic power (3 MP) to
                  | strengthen your wands. [evolution]
  8724 | Lair:1   | Noticed Grum
  8916 | Lair:1   | Killed Grum
  9178 | Lair:2   | Noticed a seven-headed hydra
  9207 | Lair:2   | Killed a seven-headed hydra
  9207 | Lair:2   | Reached skill level 10 in Armour
  9228 | Lair:2   | Reached skill level 5 in Dodging
  9673 | Lair:2   | Reached skill level 5 in Bows
  9736 | Lair:2   | Reached ****** piety under Lugonu
 10236 | Lair:3   | Reached skill level 1 in Evocations
 10285 | Lair:3   | You fall through a shaft!
 10288 | Lair:4   | Noticed Urug
 10313 | Lair:4   | Killed Urug
 10431 | Lair:4   | Noticed a six-headed hydra
 10437 | Lair:4   | Killed a six-headed hydra
 10437 | Lair:4   | Reached skill level 14 in Axes
 10475 | Lair:4   | Reached XP level 12. HP: 28/110 MP: 16/16
 10799 | Lair:4   | Noticed a four-headed hydra
 10804 | Lair:4   | Killed a four-headed hydra
 11190 | Lair:4   | Gained mutation: You are covered in fur. (AC +1)
                  | [evolution]
 11190 | Lair:4   | Lost mutation: You evolve. [end of evolution]
 11198 | Lair:3   | Found a hole to the Spider Nest.
 11403 | Lair:3   | Noticed a death yak
 11405 | Lair:3   | Noticed a five-headed hydra
 11415 | Lair:3   | Noticed a death yak
 11416 | Lair:3   | Noticed a death yak
 11419 | Lair:3   | Killed a death yak
 11421 | Lair:3   | Killed a six-headed hydra
 11432 | Lair:3   | Killed a death yak
 11439 | Lair:3   | Killed a death yak
 11513 | Lair:3   | Found a staircase to the Swamp.
 11965 | Lair:5   | Noticed a six-headed hydra
 11976 | Lair:5   | Killed a seven-headed hydra
 11976 | Lair:5   | Reached skill level 15 in Axes
 12011 | Lair:5   | Found a runed door.
 12011 | Lair:5   | Found a viscous altar of Jiyva.
 12014 | Lair:5   | Found a staircase to the Slime Pits.
 12015 | Lair:5   | Noticed an acid blob
 12157 | Lair:5   | Noticed an entropy weaver
 12179 | Lair:5   | Killed an entropy weaver
 12180 | Lair:5   | Noticed an entropy weaver
 12193 | Lair:5   | HP: 1/169 [entropy weaver (9)]
 12195 | Lair:5   | Slain by an entropy weaver

Skill      XL: |  1  2  3  4  5  6  7  8  9 10 11 12 |
---------------+-------------------------------------+-----
Fighting       | 5 6 7 8 9 10 11 12 | 12.4
Axes           | 3 5 7 9 11 13 14 15 | 15.2
Armour         | 3 4 6 8 9 10 | 10.7
Invocations    | 2 3 5 |  5.4
Dodging        | 3 5 6 |  6.8
Bows           | 2 5 7 |  7.5
Evocations     | 1 2 |  2.4

Action                   |  1- 3 |  4- 6 |  7- 9 | 10-12 || total
-------------------------+-------+-------+-------+-------++-------
Melee: Hand axe          |     5 |   124 |   209 |       ||   338
       Headbutt          |     3 |    23 |    67 |   101 ||   194
       Unarmed           |       |       |    15 |       ||    15
       War axe           |       |       |   142 |   388 ||   530
 Fire: Longbow           |       |       |       |    15 ||    15
Invok: Bend Space        |       |       |       |     1 ||     1
Evoke: Wand              |       |       |       |    20 ||    20
       Sack of spiders   |       |       |       |     2 ||     2
  Use: Scroll            |       |     8 |    17 |     3 ||    28
       Potion            |       |     1 |       |     8 ||     9
  Eat: Chunk             |       |     4 |    14 |    11 ||    29
       Ration            |       |       |       |     2 ||     2
Armor: Leather armour    |     1 |     4 |       |       ||     5
       Plate armour      |       |    96 |   219 |     7 ||   322
       Skin              |       |       |     1 |    32 ||    33
       Ring mail         |       |       |       |   167 ||   167
Dodge: Dodged            |     3 |    64 |   130 |   309 ||   506
